 Dungeon Crawl Stone Soup version 0.25.1-2-g60ff931df9 (webtiles) character file.

Game seed: 424443480575215728

46 snowfan the Magician (level 3, -2/24 HPs)
             Began as a Mummy Fire Elementalist on Nov 7, 2020.
             Slain by Sigmund
             ... wielding a +0 scythe of protection
              (9 damage)
             ... on level 2 of the Dungeon.
             The game lasted 00:07:09 (1696 turns).

snowfan the Magician (Mummy Fire Elementalist)      Turns: 1696, Time: 00:07:09

Health: -2/24      AC:  2    Str: 11    XL:     3   Next: 46%
Magic:  2/8        EV: 12    Int: 15    God:
Gold:   43         SH:  0    Dex: 12    Spells: 9/10 levels left

rFire    x . .     SeeInvis .   f - +0 dagger
rCold    + . .     Gourm    .   (no shield)
rNeg     + + +     Faith    .   a - +0 robe
rPois    ∞         Spirit   .   (no helmet)
rElec    .         Reflect  .   (no cloak)
rCorr    .         Harm     .   (no gloves)
MR       .....                  (no boots)
Stlth    +.........             (no amulet)
HPRegen  0.08/turn              (no ring)
MPRegen  0.11/turn              (no ring)

@: confused
A: no food or potions, fire vulnerability, cold resistance 1, negative energy
resistance 3, torment resistance, unbreathing
a: no special abilities


You were on level 2 of the Dungeon.
You were not hungry.

You visited 1 branch of the dungeon, and saw 2 of its levels.

You collected 43 gold pieces.

Inventory:

Hand Weapons
 f - a +0 dagger (weapon)
Missiles
 c - 23 stones (quivered)
Armour
 a - a +0 robe (worn)
Scrolls
 b - 4 scrolls of identify {unknown}
 d - a scroll of random uselessness {unknown}
 e - a scroll of fog {unknown}
 g - a scroll of amnesia {unknown}


   Skills:
 + Level 0.2 Fighting
 - Level 1.5 Dodging
 - Level 1.5 Stealth
 * Level 4.0 Spellcasting
 + Level 1.4 Conjurations
 + Level 2.7 Fire Magic


You had 9 spell levels left.
You knew the following spells:

 Your Spells              Type           Power        Failure   Level  Hunger
a - Foxfire               Conj/Fire      #...         8%          1    N/A

Your spell library contained the following spells:

 Spells                   Type           Power        Failure   Level  Hunger
 Conjure Flame            Conj/Fire      #.......     22%         3    N/A
 Inner Flame              Hex/Fire       #.......     30%         3    N/A
 Sticky Flame             Conj/Fire      #.......     58%         4    N/A
 Fireball                 Conj/Fire      #.........   91%         5    N/A

Dungeon Overview and Level Annotations

Branches:
Dungeon (2/15)

Altars:

Annotations:
D:2 Sigmund


Innate Abilities, Weirdness & Mutations

You do not eat or drink.
Your flesh is vulnerable to fire.
You are immune to poison.
Your flesh is cold resistant. (rC+)
You are immune to negative energy. (rN+++)
You are immune to unholy pain and torment.
You can survive without breathing.


Message History

Casting: Foxfire (safe; 8% risk of failure)
Confirm with . or Enter, or press ? or * to list all spells.
You conjure some foxfire!
The foxfire hits something but does no damage.
Something hits you!
The foxfire hits something but does no damage.
The foxfire hits something but does no damage.
The foxfire hits something.
A magic dart appears from out of thin air!
The magic dart hits you!
An adder comes into view.
You are confused.
You're too confused to move!
The adder hisses angrily.
You bump into the rock wall.
The adder barely misses you. Something hits you but does no damage.
You're too confused to move!
The adder bites you.
* * * LOW HITPOINT WARNING * * *
The adder misses you. Something hits you!
You die...

# #........#
.###........#
............#
............# #
#...†....### #
#..........##########
####........#.#.........
<.##........#.{.........
#..†.##########S@.......
##.##### #.........
#......# #.........
#.####.# # ##..######
...###.... ..## #.....#
### #.###..!# #.# #...
..## ##


You could see an adder.

Vanquished Creatures
  An adder skeleton (D:2)
  A worm (D:2)
  A leopard gecko (D:2)
  7 bats
  5 giant cockroaches
  5 goblins
  4 hobgoblins (D:1)
  2 jackals (D:1)
  4 frilled lizards
  7 rats
37 creatures vanquished.

Vanquished Creatures (others)
  104 foxfires
104 creatures vanquished.

Grand Total: 141 creatures vanquished

Notes
Turn   | Place    | Note
-------+----------+-------------------------------------------
     0 | D:1      | snowfan the Mummy Fire Elementalist began the quest for the
                  | Orb.
     0 | D:1      | Reached XP level 1. HP: 13/13 MP: 4/4
   199 | D:1      | Reached skill level 3 in Spellcasting
   210 | D:1      | Reached skill level 1 in Conjurations
   263 | D:1      | Reached XP level 2. HP: 18/19 MP: 1/6
  1253 | D:2      | Reached XP level 3. HP: 24/24 MP: 4/8
  1622 | D:2      | Reached skill level 4 in Spellcasting
  1658 | D:2      | Noticed Sigmund
  1696 | D:2      | Slain by Sigmund

Illustrated notes

Levels and vault maps discovered:
D:1:      matt_arrival_spirals, layout_basic, minmay_misc_feat_pillars,
          hangedman_feature_mirror, chequers_big_river,
          chequers_serial_rivers_room_b
D:2:      layout_rooms, kennysheep_generic_room_3, uniq_sigmund

Skill      XL: |  1  2  3 |
---------------+----------+-----
Spellcasting   | 3 4 |  4.0
Conjurations   | 1 |  1.4
Fighting       | |  0.2
Dodging        | |  1.5
Stealth        | |  1.5
Fire Magic     | |  2.7

Action                   || total
-------------------------++-------
Melee: Unarmed           ||     4
       Dagger            ||    13
 Cast: Foxfire           ||    65
 Stab: Sleeping          ||     1
Armor: Robe              ||     9
Dodge: Dodged            ||    20
